A+ - U26
FREDERICK KEYS @ DUNEDIN BLUE JAYS
05/10/2052
 
TOP OF THE 1ST
Lakeland Flying Tigers batting - Pitching for Winston-Salem Dash : RHP Lincoln Riskin
Pitching: RHP Lincoln Riskin
Batting: SHB Pat Reed 0-0: Called Strike
0-1: Ball
1-1: Called Strike
1-2: Foul Ball, location: 2F
1-2: Ball
2-2: Ball
3-2: Fly out, F1 (Line Drive, P, EV 73.1 MPH)
Batting: RHB Devin Herbert 0-0: Called Strike
0-1: Called Strike
0-2: Strikes out looking
Batting: LHB Kaden Thrasher 0-0: Called Strike
0-1: Ball
1-1: Swinging Strike
1-2: Ball
2-2: Strikes out swinging
Top of the 1st over - 0 runs, 0 hits, 0 errors, 0 left on base; Lakeland 0 - Winston-Salem 0
BOTTOM OF THE 1ST
Winston-Salem Dash batting - Pitching for Lakeland Flying Tigers : RHP Edgar Medellin
Pitching: RHP Edgar Medellin
Batting: RHB Nathan Brown 0-0: Fly out, F7 (Flyball, 7, EV 91.2 MPH)
Batting: RHB Andrew Philbrick 0-0: Ball
1-0: Fly out, F8 (Line Drive, 8RD, EV 90.0 MPH)
Batting: RHB Lester Hampton 0-0: Called Strike
0-1: Fly out, F9 (Flyball, 89S, EV 75.0 MPH)
Bottom of the 1st over - 0 runs, 0 hits, 0 errors, 0 left on base; Lakeland 0 - Winston-Salem 0
TOP OF THE 2ND
Lakeland Flying Tigers batting - Pitching for Winston-Salem Dash : RHP Lincoln Riskin
Batting: RHB Jim Jones 0-0: Ball
1-0: Ball
2-0: Ground out 5-3 (Groundball, 5S, EV 85.6 MPH)
Batting: LHB Adam Batista 0-0: Swinging Strike
0-1: Ball
1-1: Foul Ball, location: 2F
1-2: Ball
2-2: DOUBLE (Line Drive, 7LM, EV 104.4 MPH)
Batting: RHB Taylor Kester 0-0: Swinging Strike
0-1: Foul Ball, location: 2F
0-2: Ball
1-2: Ball
2-2: Ball
3-2: Strikes out looking
Batting: RHB Ulises Machuca 0-0: Ball
1-0: Called Strike
1-1: Foul Ball, location: 2F
1-2: Ball
2-2: Fly out, F9 (Line Drive, 9, EV 102.5 MPH)
Top of the 2nd over - 0 runs, 1 hit, 0 errors, 1 left on base; Lakeland 0 - Winston-Salem 0
BOTTOM OF THE 2ND
Winston-Salem Dash batting - Pitching for Lakeland Flying Tigers : RHP Edgar Medellin
Batting: LHB Andy Lanners 0-0: Called Strike
0-1: Ball
1-1: Fly out, F7 (Flyball, 78M, EV 90.6 MPH)
Batting: LHB Nifty Villar 0-0: Called Strike
0-1: Foul Ball, location: 2F
0-2: Ground out 4-3 (Groundball, 4, EV 85.6 MPH)
Batting: RHB Flávio Pena 0-0: Ball
1-0: Ball
2-0: Called Strike
2-1: Ball
3-1: Swinging Strike
3-2: Ground out 6-3 (Groundball, 6M, EV 81.9 MPH)
Bottom of the 2nd over - 0 runs, 0 hits, 0 errors, 0 left on base; Lakeland 0 - Winston-Salem 0
TOP OF THE 3RD
Lakeland Flying Tigers batting - Pitching for Winston-Salem Dash : RHP Lincoln Riskin
Batting: RHB Ramón Lopez 0-0: Called Strike
0-1: Ball
1-1: Foul Ball, location: 2F
1-2: Ball
2-2: Ball
3-2: Strikes out looking
Batting: SHB Levi Anthony 0-0: Swinging Strike
0-1: Ball
1-1: Ball
2-1: Ground out 6-3 (Groundball, 56, EV 101.9 MPH)
Batting: SHB Pat Reed 0-0: Called Strike
0-1: Ball
1-1: Called Strike
1-2: Ball
2-2: Foul Ball, location: 2F
2-2: Ground out U3 (Groundball, 3, EV 91.2 MPH)
Top of the 3rd over - 0 runs, 0 hits, 0 errors, 0 left on base; Lakeland 0 - Winston-Salem 0
BOTTOM OF THE 3RD
Winston-Salem Dash batting - Pitching for Lakeland Flying Tigers : RHP Edgar Medellin
Batting: RHB J.J. Kieffer 0-0: Ball
1-0: SOLO HOME RUN (Flyball, 7D, EV 93.8 MPH), Distance : 370 ft
Batting: LHB Rich Schendel Jr. 0-0: Bunted foul
0-1: SINGLE (Flyball, 78S, EV 100.6 MPH)
Batting: RHB Jaime Stone 0-0: Ball
1-0: Foul Ball, location: 2F
1-1: Fly out, F9 (Flyball, 89S, EV 89.4 MPH)
Batting: RHB Nathan Brown 0-0: Called Strike
0-1: Ball
1-1: Fly out, F8 (Line Drive, 8LM, EV 88.8 MPH)
Batting: RHB Andrew Philbrick 0-0: Ball
Rich Schendel Jr. is caught stealing 2nd base 2-4
Bottom of the 3rd over - 1 run, 2 hits, 0 errors, 0 left on base; Lakeland 0 - Winston-Salem 1
TOP OF THE 4TH
Lakeland Flying Tigers batting - Pitching for Winston-Salem Dash : RHP Lincoln Riskin
Batting: RHB Devin Herbert 0-0: Called Strike
0-1: Foul Ball, location: 2F
0-2: Ball
1-2: Strikes out looking
Batting: LHB Kaden Thrasher 0-0: Ball
1-0: Foul Ball, location: 2F
1-1: Ball
2-1: Called Strike
2-2: Ball
3-2: Base on Balls
Batting: RHB Jim Jones 0-0: Ball
1-0: Ball
2-0: Foul Ball, location: 2F
2-1: Ball
3-1: Called Strike
3-2: Base on Balls
Kaden Thrasher to second
Batting: LHB Adam Batista 0-0: 3-RUN HOME RUN (Flyball, 89XD, EV 115.0 MPH), Distance : 431 ft
Batting: RHB Taylor Kester 0-0: Called Strike
0-1: Ball
1-1: Foul Ball, location: 2F
1-2: Ball
2-2: Fly out, F8 (Flyball, 8RS, EV 83.1 MPH)
Batting: RHB Ulises Machuca 0-0: Ball
1-0: Called Strike
1-1: SINGLE (Groundball, 4MS, EV 95.0 MPH)
Batting: RHB Ramón Lopez 0-0: Ball
1-0: Foul Ball, location: 2F
1-1: Foul Ball, location: 2F
1-2: Foul Ball, location: 2F
1-2: Ground out 5-3 (Groundball, 56S, EV 62.5 MPH)
Top of the 4th over - 3 runs, 2 hits, 0 errors, 1 left on base; Lakeland 3 - Winston-Salem 1
BOTTOM OF THE 4TH
Winston-Salem Dash batting - Pitching for Lakeland Flying Tigers : RHP Edgar Medellin
Batting: RHB Andrew Philbrick 0-0: Ball
1-0: Called Strike
1-1: Fly out, F9 (Flyball, 89S, EV 89.4 MPH)
Batting: RHB Lester Hampton 0-0: Ball
1-0: Ground out 6-3 (Groundball, 56, EV 99.4 MPH)
Batting: LHB Andy Lanners 0-0: Ball
1-0: Ball
2-0: Called Strike
2-1: Foul Ball, location: 2F
2-2: Fly out, F5 (Popup, 25F, EV 82.5 MPH)
Bottom of the 4th over - 0 runs, 0 hits, 0 errors, 0 left on base; Lakeland 3 - Winston-Salem 1
TOP OF THE 5TH
Lakeland Flying Tigers batting - Pitching for Winston-Salem Dash : RHP Lincoln Riskin
Batting: SHB Levi Anthony 0-0: Ball
1-0: Called Strike
1-1: Ball
2-1: Foul Ball, location: 2F
2-2: Ball
3-2: Strikes out looking
Batting: SHB Pat Reed 0-0: Bunted foul
0-1: Called Strike
0-2: Ball
1-2: Ball
2-2: Ground out 4-3 (Groundball, 4, EV 85.0 MPH)
Batting: RHB Devin Herbert 0-0: Ball
1-0: Foul Ball, location: 2F
1-1: Ball
2-1: Foul Ball, location: 2F
2-2: Ball
3-2: Foul Ball, location: 2F
3-2: Base on Balls
Pitching: RHP Clinton Primer
Batting: LHB Kaden Thrasher 0-0: Foul Ball, location: 2F
0-1: Swinging Strike
0-2: Ball
1-2: Foul Ball, location: 2F
1-2: Strikes out swinging
Top of the 5th over - 0 runs, 0 hits, 0 errors, 1 left on base; Lakeland 3 - Winston-Salem 1
BOTTOM OF THE 5TH
Winston-Salem Dash batting - Pitching for Lakeland Flying Tigers : RHP Edgar Medellin
Batting: LHB Nifty Villar 0-0: Called Strike
0-1: Ball
1-1: Ball
2-1: Called Strike
2-2: Foul Ball, location: 2F
2-2: Ball
3-2: Foul Ball, location: 2F
3-2: Foul Ball, location: 2F
3-2: Base on Balls
Batting: RHB Flávio Pena 0-0: Fly out, F2 (Popup, 2R, EV 87.5 MPH)
Batting: RHB J.J. Kieffer 0-0: Ball
1-0: Foul Ball, location: 2F
1-1: Foul Ball, location: 2F
1-2: Strikes out looking
Batting: LHB Rich Schendel Jr. 0-0: Ball
1-0: Ground out 1-3 (Groundball, P, EV 70.6 MPH)
Bottom of the 5th over - 0 runs, 0 hits, 0 errors, 1 left on base; Lakeland 3 - Winston-Salem 1
TOP OF THE 6TH
Lakeland Flying Tigers batting - Pitching for Winston-Salem Dash : RHP Clinton Primer
Batting: RHB Jim Jones 0-0: Ball
1-0: Called Strike
1-1: Ball
2-1: Foul Ball, location: 2F
2-2: Ball
3-2: Base on Balls
Batting: LHB Adam Batista 0-0: Called Strike
0-1: Called Strike
Jim Jones steals 2nd base
0-2: SINGLE (Flyball, 56D, EV 87.5 MPH)
Jim Jones to third
Batting: RHB Taylor Kester 0-0: Called Strike
0-1: Called Strike
0-2: Ball
1-2: Strikes out looking
Batting: RHB Ulises Machuca 0-0: Fly out, F8 (Flyball, 8RD, EV 101.2 MPH)
Runner from 3rd tags up, SCORES, no throw by CF
Batting: RHB Ramón Lopez 0-0: Fielders Choice at 2nd, 5-4 (Groundball, 56, EV 98.1 MPH)
Top of the 6th over - 1 run, 1 hit, 0 errors, 1 left on base; Lakeland 4 - Winston-Salem 1
BOTTOM OF THE 6TH
Winston-Salem Dash batting - Pitching for Lakeland Flying Tigers : RHP Edgar Medellin
Batting: RHB Jaime Stone 0-0: Swinging Strike
0-1: Ball
1-1: Called Strike
1-2: Strikes out looking
Batting: RHB Nathan Brown 0-0: Ball
1-0: Reached on error, E2 (Groundball, 2L, EV 71.9 MPH)
Batting: RHB Andrew Philbrick 0-0: Ball
1-0: Called Strike
1-1: Ball
2-1: Foul Ball, location: 2F
2-2: Fly out, F9 (Flyball, 9LS, EV 96.2 MPH)
Batting: RHB Lester Hampton 0-0: Ball
1-0: Called Strike
1-1: Foul Ball, location: 2F
1-2: Fielders Choice at 2nd, 6-4 (Groundball, 6, EV 93.8 MPH)
Bottom of the 6th over - 0 runs, 0 hits, 1 error, 1 left on base; Lakeland 4 - Winston-Salem 1
TOP OF THE 7TH
Lakeland Flying Tigers batting - Pitching for Winston-Salem Dash : RHP Clinton Primer
Batting: SHB Levi Anthony 0-0: Called Strike
0-1: Called Strike
0-2: Strikes out looking
Batting: SHB Pat Reed 0-0: Ball
1-0: Foul Ball, location: 2F
1-1: Foul Ball, location: 2F
1-2: Ball
2-2: Strikes out looking
Batting: RHB Devin Herbert 0-0: Ball
1-0: Called Strike
1-1: SINGLE (Groundball, 6, EV 99.4 MPH)
Batting: LHB Kaden Thrasher 0-0: Called Strike
0-1: Ball
1-1: Ball
Passed Ball!
Devin Herbert to second
2-1: Ball
3-1: Fly out, F6 (Flyball, 6D, EV 80.6 MPH)
Top of the 7th over - 0 runs, 1 hit, 0 errors, 1 left on base; Lakeland 4 - Winston-Salem 1
BOTTOM OF THE 7TH
Winston-Salem Dash batting - Pitching for Lakeland Flying Tigers : RHP Edgar Medellin
Batting: LHB Andy Lanners 0-0: Foul Ball, location: 2F
0-1: Ball
1-1: Ball
2-1: Reached on error, E3 (Groundball, 3, EV 94.4 MPH)
Batting: LHB Nifty Villar 0-0: Foul Ball, location: 2F
0-1: Ball
1-1: Ball
2-1: Foul Ball, location: 2F
2-2: Fly out, F8 (Flyball, 8LM, EV 86.9 MPH)
Batting: RHB Flávio Pena 0-0: Ball
1-0: Ball
2-0: Foul Ball, location: 2F
2-1: Called Strike
2-2: Ball
3-2: Grounds into double play, 5-4-3 (Groundball, 56S, EV 83.8 MPH)
Bottom of the 7th over - 0 runs, 0 hits, 1 error, 0 left on base; Lakeland 4 - Winston-Salem 1
TOP OF THE 8TH
Lakeland Flying Tigers batting - Pitching for Winston-Salem Dash : RHP Clinton Primer
Batting: RHB Jim Jones 0-0: Swinging Strike
0-1: Ball
1-1: Foul Ball, location: 2F
1-2: SOLO HOME RUN (Flyball, 7LD, EV 90.0 MPH), Distance : 329 ft
Batting: LHB Adam Batista 0-0: Ball
1-0: Ball
2-0: Ball
3-0: Called Strike
3-1: Ground out 1-3 (Groundball, 15S, EV 66.9 MPH)
Pitching: RHP Luke Allen
Batting: RHB Taylor Kester 0-0: Called Strike
0-1: Swinging Strike
0-2: Fly out, F8 (Line Drive, 8RM, EV 89.4 MPH)
Batting: RHB Ulises Machuca 0-0: Ball
1-0: Called Strike
1-1: Swinging Strike
1-2: Ball
2-2: Ball
3-2: Base on Balls
Batting: RHB Ramón Lopez 0-0: Fly out, F8 (Flyball, 8RD, EV 91.9 MPH)
Top of the 8th over - 1 run, 1 hit, 0 errors, 1 left on base; Lakeland 5 - Winston-Salem 1
BOTTOM OF THE 8TH
Winston-Salem Dash batting - Pitching for Lakeland Flying Tigers : RHP Edgar Medellin
Pitching: RHP Winston Langan
Batting: RHB J.J. Kieffer 0-0: Ball
1-0: Ground out 6-3 (Groundball, 6D, EV 102.5 MPH)
Batting: LHB Rich Schendel Jr. 0-0: Ball
1-0: Foul Ball, location: 2F
1-1: Foul Ball, location: 2F
1-2: Ball
2-2: Ball
3-2: Base on Balls
Batting: RHB Jaime Stone 0-0: Called Strike
0-1: Foul Ball, location: 2F
0-2: Strikes out swinging
Batting: RHB Nathan Brown 0-0: Ball
1-0: Called Strike
1-1: Ball
2-1: Called Strike
2-2: Ball
3-2: Foul Ball, location: 2F
3-2: Foul Ball, location: 2F
3-2: Ground out 4-3 (Groundball, 34, EV 78.1 MPH)
Bottom of the 8th over - 0 runs, 0 hits, 0 errors, 1 left on base; Lakeland 5 - Winston-Salem 1
TOP OF THE 9TH
Lakeland Flying Tigers batting - Pitching for Winston-Salem Dash : RHP Luke Allen
Batting: SHB Levi Anthony 0-0: Ball
1-0: Ball
2-0: Ball
3-0: Called Strike
3-1: Base on Balls
Batting: SHB Pat Reed 0-0: Bunted foul
0-1: Bunted foul
0-2: Foul Ball, location: 2F
0-2: Foul Ball, location: 2F
0-2: DOUBLE (Line Drive, 89D, EV 108.1 MPH)
Levi Anthony to third
Runner from 3rd tries for Home, SAFE, throw by CF to trailing runner, SAFE at third!
Batting: RHB Devin Herbert 0-0: Called Strike
0-1: SINGLE (Groundball, 4MD, EV 98.1 MPH)
Pat Reed scores
Batting: LHB Kaden Thrasher 0-0: Called Strike
0-1: SINGLE (Groundball, 6M, EV 88.1 MPH) (infield hit)
Devin Herbert to second
Batting: RHB Jim Jones 0-0: Swinging Strike
0-1: Foul Ball, location: 2F
0-2: Foul Ball, location: 2F
0-2: Ball
1-2: Strikes out swinging
Batting: LHB Adam Batista 0-0: Called Strike
0-1: Called Strike
0-2: Ball
1-2: Ball
2-2: Ball
3-2: Strikes out swinging
Batting: RHB Taylor Kester 0-0: Ball
1-0: Ball
2-0: Fly out, F7 (Flyball, 78XD, EV 99.4 MPH)
Top of the 9th over - 2 runs, 3 hits, 0 errors, 2 left on base; Lakeland 7 - Winston-Salem 1
BOTTOM OF THE 9TH
Winston-Salem Dash batting - Pitching for Lakeland Flying Tigers : RHP Winston Langan
Batting: RHB Andrew Philbrick 0-0: Ground out 6-3 (Groundball, 6M, EV 84.4 MPH)
Batting: RHB Lester Hampton 0-0: Ball
1-0: Fly out, F9 (Flyball, 9LS, EV 88.1 MPH)
Batting: LHB Andy Lanners 0-0: Ground out U3 (Groundball, 13, EV 91.2 MPH)
Bottom of the 9th over - 0 runs, 0 hits, 0 errors, 0 left on base; Lakeland 7 - Winston-Salem 1
Saturday, April 20th , 2024 - OOTP Baseball 24.11 Build 85